 Dungeon Crawl Stone Soup version 0.18-a0-1726-g399342b (webtiles) character file.

528 Jam the Cleaver (level 7, -4/56 HPs)
             Began as a Hill Orc Gladiator on Apr 2, 2016.
             Slain by a phantom (5 damage)
             ... on level 4 of the Dungeon.
             The game lasted 00:10:07 (3815 turns).

Jam the Cleaver (Hill Orc Gladiator)                Turns: 3815, Time: 00:10:07

Health: -4/56      AC:  5    Str: 18    XL:     7   Next: 23%
Magic:  7/7        EV: 12    Int: 13    God:
Gold:   77         SH:  0    Dex: 13    Spells: 0 memorised, 6 levels left

rFire  . . .     SeeInvis +     x - +0 war axe (freeze)
rCold  . . .     Gourm    .     b - +0 leather armour
rNeg   . . .     Faith    +     (no shield)
rPois  .         Spirit   .     (helmet restricted)
rElec  .         Dismiss  .     (no cloak)
rCorr  .         Reflect  .     m - +0 pair of gloves
SustAt .         Harm     .     u - +0 pair of boots
MR     +....     Clarity  +     t - amulet of faith
Stlth  +.........               A - ring of see invisible
                                e - ring of protection from magic

@: brilliant, somewhat resistant to hostile enchantments, very unstealthy
A: antennae 1, hooves 1, clarity
a: no special abilities


You were on level 4 of the Dungeon.
You were not hungry.

You visited 1 branch of the dungeon, and saw 4 of its levels.

You collected 269 gold pieces.
You spent 192 gold pieces at shops.

Inventory:

Hand Weapons
 x - a +0 war axe of freezing (weapon)
Missiles
 j - 3 throwing nets (quivered)
 y - 5 steel tomahawks
Armour
 a - a +0 buckler
 b - a +0 leather armour (worn)
 c - a +0 helmet
 m - a +0 pair of gloves (worn)
 u - a +0 pair of boots (worn)
Jewellery
 e - a ring of protection from magic (left hand)
 t - an amulet of faith (around neck)
 A - a ring of see invisible (right hand)
 B - an uncursed ring of magical power
Scrolls
 h - 3 scrolls of remove curse
 i - 2 scrolls of magic mapping
 k - 2 scrolls of identify
 n - a scroll of recharging {unknown}
 q - 2 scrolls of teleportation
 z - a scroll of amnesia {unknown}
 C - a scroll of enchant armour {unknown}
Potions
 d - a potion of might
 l - a potion of cure mutation
 r - a potion of agility {unknown}
 s - a potion of heal wounds {unknown}
Comestibles
 f - 4 bread rations
 g - a chunk of flesh
 p - 4 meat rations
 w - a beef jerky
 D - a slice of pizza


   Skills:
 - Level 2.4 Fighting
 + Level 10.4 Axes
 - Level 1.7 Throwing
 - Level 2.4 Dodging


You had 6 spell levels left.
You didn't know any spells.

Dungeon Overview and Level Annotations

Branches:
Dungeon (4/15)
 Temple: D:4-7

Altars:
Ashenzari
Fedhas
Gozag
The Shining One

Shops:
D:4 *


Innate Abilities, Weirdness & Mutations

You have a pair of small antennae on your head.
You have large cloven feet.
You possess an exceptional clarity of mind.


Message History

You miss the adder.
The adder is severely wounded.
You miss the phantom.
The phantom is moderately damaged.
You feel sick. The phantom hits you!
* * * LOW HITPOINT WARNING * * *
The adder bites you.
* * * LOW HITPOINT WARNING * * *
Drink which item? (? for menu, Esc to quit)
You feel better. The adder bites you.
* * * LOW HITPOINT WARNING * * *
The phantom hits you!
* * * LOW HITPOINT WARNING * * *
Read which item? (? for menu, Esc to quit)
Okay, then.
Drink which item? (? for menu, Esc to quit)
It was a potion of brilliance.
You feel clever all of a sudden. The adder closely misses you.
The phantom hits you.
You die...

*,,,,,,,,,,,,,,*****,,,,*,
*,,,,,,,...,,,,* *,****,
*,,,,,,,...,,,,* *,****,
*,,,,,,,...,,,,*##**,**,*_
*,.,****#.#*****..,,,*****
********,..#####.##****.###*****,
*,,,,>,,,.........,,,,,...,,,,,**
*,***,**,..##..)S######.######,**
,,,,,,,,,......)@W............,,,
,,,,,,**,#.##.########....###*,**
,,,,,,**,*,,,,* #.........#,,*
,,,,,,**,**#########.#....##.#*,*
,,******,###.........######*,**,*
*,* *,........##### ****,**,*
*,******,..#.###.######**,,,,,,,,
*,,,,,,,,,,*,#.........#*,**,***,
*,,*****,,,,,#.#.#####.#*,**,*,*,


You could see a phantom and an adder.

Vanquished Creatures
  The ghost of Jase the Grave Robber, an amateur VSNe (D:3)
  4 orc wizards
  5 worker ants (D:4)
  4 gnolls (D:3)
  7 adders
  3 worms
  4 giant geckos
  14 orcs
  6 bats
  3 giant cockroaches
  7 goblins
  7 hobgoblins
  5 jackals
  2 quokkas (D:2)
  7 kobolds
  5 rats
84 creatures vanquished.

Notes
Turn   | Place    | Note
--------------------------------------------------------------
     0 | D:1      | Jam the Hill Orc Gladiator began the quest for the Orb.
     0 | D:1      | Reached XP level 1. HP: 18/18 MP: 1/1
   228 | D:1      | Reached XP level 2. HP: 19/25 MP: 2/2
   472 | D:1      | You fall through a shaft!
   519 | D:2      | Gained mutation: You possess an exceptional clarity of mind. [potion of mutation]
   519 | D:2      | Gained mutation: You have a pair of small antennae on your head. [potion of mutation]
   519 | D:2      | Gained mutation: You have large cloven feet. [potion of mutation]
   526 | D:2      | Reached skill level 5 in Axes
   765 | D:2      | Reached XP level 3. HP: 28/30 MP: 3/3
   888 | D:2      | Found an opulent altar of Gozag.
   939 | D:2      | Found a shattered altar of Ashenzari.
  1266 | D:1      | Reached skill level 6 in Axes
  1566 | D:2      | Reached XP level 4. HP: 32/37 MP: 4/4
  2141 | D:3      | Reached skill level 7 in Axes
  2147 | D:3      | Reached XP level 5. HP: 17/42 MP: 5/5
  2172 | D:3      | Noticed Jase's ghost (amateur VSNe)
  2369 | D:3      | Killed Jase's ghost
  2369 | D:3      | Reached skill level 8 in Axes
  2369 | D:3      | Reached XP level 6. HP: 47/50 MP: 6/6
  2805 | D:3      | Reached skill level 9 in Axes
  3133 | D:4      | Reached skill level 10 in Axes
  3133 | D:4      | Reached XP level 7. HP: 30/56 MP: 7/7
  3245 | D:4      | Found a blossoming altar of Fedhas.
  3546 | D:4      | Found Fipleel's Assorted Antiques.
  3566 | D:4      | Bought a scroll labeled FIGI AMMORPH for 24 gold pieces
  3566 | D:4      | Bought a scroll labeled QOPPUM QIUWK for 24 gold pieces
  3566 | D:4      | Bought an encrusted brass ring for 120 gold pieces
  3566 | D:4      | Bought a scroll labeled QAK QICZIGILO for 24 gold pieces
  3578 | D:4      | Found a glowing golden altar of the Shining One.
  3814 | D:4      | HP: 1/56 [phantom (7)]
  3815 | D:4      | Slain by a phantom

Vault maps used:
D:1:      dpeg_arrival_radiant
D:2:      ashenzari_conservatory_becter, lemuel_coloured_pillars_altar
D:3:      minmay_misc_feat_secret_circle
D:4:      makhleb_altar_promises_db, old_standard_altar, fedhas_altar_3,
          serial_shops, nicolae_shop_crystal, uniq_pikel

Skill      XL: |  1  2  3  4  5  6 |
---------------+-------------------+-----
Axes           | 5 6 7 8 10 | 10.4
Fighting       | |  2.4
Throwing       | |  1.7
Dodging        | |  2.4

Action                   |  1- 3 |  4- 6 |  7- 9 || total
-------------------------+-------+-------+-------++-------
Melee: War axe           |   113 |   151 |    45 ||   309
Throw: Throwing net      |     4 |       |       ||     4
  Use: Potion            |     4 |       |     2 ||     6
       Scroll            |       |       |     6 ||     6
 Stab: Sleeping          |     1 |       |       ||     1
       Held in net/web   |     2 |       |       ||     2
       Distracted        |       |     1 |       ||     1
  Eat: Chunk             |     1 |     6 |     3 ||    10
